MWL (24 & UNDER)
CINCINNATI PRIDE @ BARRY'S BAY ORIOLES
09/03/2026
 
TOP OF THE 1ST
Cincinnati Pride batting - Pitching for Barry's Bay Orioles : RHP Rob Young
Pitching: RHP Rob Young
Batting: LHB Ángel Tuzzi 0-0: SINGLE (Flyball, 7LS)
Batting: SHB Larry Peterson 0-0: Ball
1-0: Ball
2-0: Called Strike
2-1: Foul Ball, location: 2F
2-2: Strikes out swinging
Batting: RHB José Antonio Delgado 0-0: Ball
Ángel Tuzzi steals 2nd base
1-0: Called Strike
1-1: Foul Ball, location: 2F
1-2: Ball
2-2: Strikes out swinging
Batting: RHB Norris Howard 0-0: Swinging Strike
0-1: Ground out 6-3 (Groundball, 6M)
Top of the 1st over - 0 run(s), 1 hit(s), 0 error(s), 1 left on base; Cincinnati 0 - Barry's Bay 0
BOTTOM OF THE 1ST
Barry's Bay Orioles batting - Pitching for Cincinnati Pride : RHP Fernando Silva
Pitching: RHP Fernando Silva
Batting: RHB Jason Ward 0-0: Called Strike
0-1: Ground out 4-3 (Groundball, 4)
Batting: LHB Manuel Pérez 0-0: Ball
1-0: Ball
2-0: Called Strike
2-1: Called Strike
2-2: Ground out 1-3 (Groundball, 15)
Batting: LHB Howard Evans 0-0: Ball
1-0: Ball
2-0: Ground out 1-3 (Groundball, 13S)
Bottom of the 1st over - 0 run(s), 0 hit(s), 0 error(s), 0 left on base; Cincinnati 0 - Barry's Bay 0
TOP OF THE 2ND
Cincinnati Pride batting - Pitching for Barry's Bay Orioles : RHP Rob Young
Batting: LHB Iván Vázquez 0-0: Foul Ball, location: 2F
0-1: Ball
1-1: Swinging Strike
1-2: Strikes out swinging
Batting: LHB Wes Stone 0-0: Called Strike
0-1: Swinging Strike
0-2: Ball
1-2: Strikes out looking
Batting: RHB Wilson Flores 0-0: Ground out 5-3 (Groundball, 56)
Top of the 2nd over - 0 run(s), 0 hit(s), 0 error(s), 0 left on base; Cincinnati 0 - Barry's Bay 0
BOTTOM OF THE 2ND
Barry's Bay Orioles batting - Pitching for Cincinnati Pride : RHP Fernando Silva
Batting: RHB James Tucker 0-0: Called Strike
0-1: Foul Ball, location: 2F
0-2: Ball
1-2: Foul Ball, location: 2F
1-2: Foul Ball, location: 2F
1-2: Strikes out looking
Batting: LHB José Rodríguez 0-0: Ball
1-0: SINGLE (Line Drive, 8RS)
Batting: RHB Jesús Villalobos 0-0: Ball
1-0: Ball
2-0: Called Strike
2-1: Called Strike
2-2: Ball
3-2: Foul Ball, location: 2F
3-2: Fly out, F7 (Line Drive, 7M)
Batting: RHB Luis Flores 0-0: SINGLE (Line Drive, 34D)
José Rodríguez to second
Batting: LHB Carlos Romero 0-0: Called Strike
0-1: Swinging Strike
0-2: Strikes out swinging
Bottom of the 2nd over - 0 run(s), 2 hit(s), 0 error(s), 2 left on base; Cincinnati 0 - Barry's Bay 0
TOP OF THE 3RD
Cincinnati Pride batting - Pitching for Barry's Bay Orioles : RHP Rob Young
Batting: RHB Álex Hernández 0-0: Ball
1-0: Foul Ball, location: 2F
1-1: Ball
2-1: Foul Ball, location: 2F
2-2: SINGLE (Line Drive, 7LS)
Batting: RHB Juan Martínez 0-0: Called Strike
0-1: Ball
1-1: Swinging Strike
1-2: Strikes out swinging
Batting: LHB Ángel Tuzzi 0-0: Fly out, F7 (Popup, 56D)
Batting: SHB Larry Peterson 0-0: Called Strike
0-1: Ball
1-1: SINGLE (Groundball, 4M)
Álex Hernández to second
Batting: RHB José Antonio Delgado Balk!
Álex Hernández to third
Larry Peterson to second
0-0: Ball
1-0: Ball
2-0: Foul Ball, location: 2F
2-1: Foul Ball, location: 2F
2-2: Foul Ball, location: 2F
2-2: DOUBLE (Flyball, 89M)
Álex Hernández scores
Larry Peterson scores
Batting: RHB Norris Howard 0-0: Ball
1-0: Called Strike
1-1: DOUBLE (Line Drive, 7M)
José Antonio Delgado scores
Batting: LHB Iván Vázquez 0-0: Swinging Strike
0-1: Fly out, F8 (Flyball, 8RM)
Top of the 3rd over - 3 run(s), 4 hit(s), 0 error(s), 1 left on base; Cincinnati 3 - Barry's Bay 0
BOTTOM OF THE 3RD
Barry's Bay Orioles batting - Pitching for Cincinnati Pride : RHP Fernando Silva
Batting: RHB Guy Morrison 0-0: Foul Ball, location: 2F
0-1: Ball
1-1: Ground out 5-3 (Groundball, 5S)
Batting: RHB Jason Ward 0-0: Swinging Strike
0-1: Ball
1-1: Ball
2-1: Foul Ball, location: 2F
2-2: DOUBLE (Line Drive, 78XD)
Batting: LHB Manuel Pérez 0-0: Foul Ball, location: 2F
0-1: Foul Ball, location: 2F
0-2: Foul Ball, location: 2F
0-2: Foul Ball, location: 2F
0-2: SINGLE (Line Drive, 4MD)
Jason Ward to third
Batting: LHB Howard Evans 0-0: Ball
1-0: Called Strike
1-1: Ball
2-1: Fly out, F6 (Line Drive, 6)
2-1: Fly out, F6 (Line Drive, 6)
Batting: RHB James Tucker 0-0: Ball
1-0: Ball
2-0: Called Strike
2-1: 3-RUN HOME RUN (Flyball, 8RD), Distance : 388 ft
Batting: LHB José Rodríguez 0-0: Ball
1-0: Swinging Strike
1-1: Foul Ball, location: 2F
1-2: Ball
2-2: Ball
3-2: Strikes out swinging
Bottom of the 3rd over - 3 run(s), 3 hit(s), 0 error(s), 0 left on base; Cincinnati 3 - Barry's Bay 3
TOP OF THE 4TH
Cincinnati Pride batting - Pitching for Barry's Bay Orioles : RHP Rob Young
Batting: LHB Wes Stone 0-0: Called Strike
0-1: Swinging Strike
0-2: Strikes out swinging
Batting: RHB Wilson Flores 0-0: Called Strike
0-1: Ball
1-1: SINGLE (Line Drive, 4D)
Batting: RHB Álex Hernández 0-0: Called Strike
0-1: Ball
1-1: Called Strike
1-2: Ball
2-2: SINGLE (Flyball, 7LM)
Wilson Flores to second
Batting: RHB Juan Martínez 0-0: Fly out, F7 (Flyball, 7D)
Runner from 2nd tags up, SAFE at 3rd, no throw
Batting: LHB Ángel Tuzzi 0-0: Called Strike
0-1: Swinging Strike
0-2: Foul Ball, location: 2F
0-2: Ball
1-2: Ball
2-2: Foul Ball, location: 2F
2-2: Fly out, F7 (Flyball, 7LS)
Top of the 4th over - 0 run(s), 2 hit(s), 0 error(s), 2 left on base; Cincinnati 3 - Barry's Bay 3
BOTTOM OF THE 4TH
Barry's Bay Orioles batting - Pitching for Cincinnati Pride : RHP Fernando Silva
Batting: RHB Jesús Villalobos 0-0: Bunt missed!
0-1: Swinging Strike
0-2: Foul Ball, location: 2F
0-2: Foul Ball, location: 2F
0-2: Strikes out swinging
Batting: RHB Luis Flores 0-0: Ball
1-0: Foul Ball, location: 2F
1-1: Fly out, F8 (Flyball, 8LM)
Batting: LHB Carlos Romero 0-0: Called Strike
0-1: Called Strike
0-2: Ground out 3-1 (Groundball, 34)
Bottom of the 4th over - 0 run(s), 0 hit(s), 0 error(s), 0 left on base; Cincinnati 3 - Barry's Bay 3
TOP OF THE 5TH
Cincinnati Pride batting - Pitching for Barry's Bay Orioles : RHP Rob Young
Batting: SHB Larry Peterson 0-0: SINGLE (Flyball, 8LS)
Batting: RHB José Antonio Delgado 0-0: Foul Ball, location: 2F
0-1: Ball
1-1: Ball
2-1: SINGLE (Line Drive, 8LS)
Larry Peterson to second
Batting: RHB Norris Howard 0-0: Ball
1-0: Foul Ball, location: 2F
1-1: Ball
2-1: Ball
3-1: Base on Balls
Larry Peterson to third
José Antonio Delgado to second
Batting: LHB Iván Vázquez 0-0: Ball
1-0: Ball
2-0: GRAND SLAM HOME RUN (Flyball, 9D), Distance : 357 ft
Pitching: RHP Richard Manley
Batting: LHB Wes Stone 0-0: Fly out, F7 (Flyball, 7LD)
Batting: RHB Wilson Flores 0-0: Ball
1-0: Ground out 6-3 (Groundball, 6M)
Batting: RHB Álex Hernández 0-0: Ball
1-0: Ball
2-0: Foul Ball, location: 2F
2-1: Called Strike
2-2: Strikes out swinging
Top of the 5th over - 4 run(s), 3 hit(s), 0 error(s), 0 left on base; Cincinnati 7 - Barry's Bay 3
BOTTOM OF THE 5TH
Barry's Bay Orioles batting - Pitching for Cincinnati Pride : RHP Fernando Silva
Batting: RHB Guy Morrison 0-0: Called Strike
0-1: Ball
1-1: Ball
2-1: Ground out 1-3 (Groundball, 15S)
Batting: RHB Jason Ward 0-0: Ball
1-0: Foul Ball, location: 2F
1-1: TRIPLE (Line Drive, 7LS)
Batting: LHB Manuel Pérez 0-0: SINGLE (Line Drive, 34D)
Jason Ward scores
Batting: LHB Howard Evans 0-0: Ball
1-0: Ball
2-0: Called Strike
Manuel Pérez steals 2nd base
2-1: SINGLE (Line Drive, 9S)
Manuel Pérez to third
Batting: RHB James Tucker 0-0: Ball
1-0: Called Strike
1-1: Swinging Strike
1-2: Ball
2-2: Strikes out swinging
Batting: LHB José Rodríguez 0-0: Called Strike
0-1: Foul Ball, location: 2F
0-2: Foul Ball, location: 2F
0-2: Ground out 4-3 (Groundball, 4)
Bottom of the 5th over - 1 run(s), 3 hit(s), 0 error(s), 2 left on base; Cincinnati 7 - Barry's Bay 4
TOP OF THE 6TH
Cincinnati Pride batting - Pitching for Barry's Bay Orioles : RHP Richard Manley
Batting: RHB Juan Martínez 0-0: Ball
1-0: Swinging Strike
1-1: Called Strike
1-2: Ball
2-2: Strikes out looking
Batting: LHB Ángel Tuzzi 0-0: Ball
1-0: Foul Ball, location: 2F
1-1: Swinging Strike
1-2: Strikes out looking
Batting: SHB Larry Peterson 0-0: Ball
1-0: Foul Ball, location: 2F
1-1: Foul Ball, location: 2F
1-2: Ball
2-2: SINGLE (Groundball, 6MD)
Batting: RHB José Antonio Delgado 0-0: Called Strike
0-1: Called Strike
0-2: Ball
1-2: Foul Ball, location: 2F
1-2: Strikes out swinging
Top of the 6th over - 0 run(s), 1 hit(s), 0 error(s), 1 left on base; Cincinnati 7 - Barry's Bay 4
BOTTOM OF THE 6TH
Barry's Bay Orioles batting - Pitching for Cincinnati Pride : RHP Fernando Silva
Pitching: RHP Basilio Bea
Batting: RHB Jesús Villalobos 0-0: Swinging Strike
0-1: Ball
1-1: Swinging Strike
1-2: Ball
2-2: SINGLE (Line Drive, 7LS)
Batting: RHB Luis Flores 0-0: Ball
1-0: Fly out, F9 (Flyball, 89M)
Batting: LHB Carlos Romero Balk!
Jesús Villalobos to second
0-0: Ball
Jesús Villalobos is caught stealing 3rd base
1-0: Called Strike
1-1: Foul Ball, location: 2F
1-2: Ball
2-2: Fly out, F5 (Popup, 5SF)
Bottom of the 6th over - 0 run(s), 1 hit(s), 0 error(s), 0 left on base; Cincinnati 7 - Barry's Bay 4
TOP OF THE 7TH
Cincinnati Pride batting - Pitching for Barry's Bay Orioles : RHP Richard Manley
Pitching: RHP Daniel Betteridge
Batting: RHB Norris Howard 0-0: Called Strike
0-1: Ball
1-1: Called Strike
1-2: Foul Ball, location: 2F
1-2: Foul Ball, location: 2F
1-2: Strikes out looking
Batting: LHB Iván Vázquez 0-0: Called Strike
0-1: Swinging Strike
0-2: Ground out 5-3 (Groundball, 5S)
Batting: LHB Wes Stone 0-0: SINGLE (Line Drive, 8LS)
Batting: RHB Wilson Flores 0-0: Fly out, F8 (Line Drive, 8LM)
Top of the 7th over - 0 run(s), 1 hit(s), 0 error(s), 1 left on base; Cincinnati 7 - Barry's Bay 4
BOTTOM OF THE 7TH
Barry's Bay Orioles batting - Pitching for Cincinnati Pride : RHP Basilio Bea
Batting: RHB Guy Morrison 0-0: Ball
1-0: Ball
2-0: Ball
3-0: Called Strike
3-1: Swinging Strike
3-2: Strikes out swinging
Batting: RHB Jason Ward 0-0: Ball
1-0: Ball
2-0: Called Strike
2-1: Swinging Strike
2-2: Strikes out swinging
Batting: LHB Manuel Pérez 0-0: Ball
1-0: Ball
2-0: SOLO HOME RUN (Flyball, 9D), Distance : 362 ft
Batting: LHB Howard Evans 0-0: Called Strike
0-1: Ball
1-1: SOLO HOME RUN (Line Drive, 9D), Distance : 349 ft
Batting: RHB James Tucker 0-0: Foul Ball, location: 2F
0-1: Ball
1-1: SOLO HOME RUN (Flyball, 78XD), Distance : 358 ft
Pitching: LHP Josh Wall
Pinch Hitting: RHB Curt Wagner 0-0: Ground out 4-3 (Groundball, 13)
Bottom of the 7th over - 3 run(s), 3 hit(s), 0 error(s), 0 left on base; Cincinnati 7 - Barry's Bay 7
TOP OF THE 8TH
Cincinnati Pride batting - Pitching for Barry's Bay Orioles : RHP Daniel Betteridge
Now in LF: Orlando Valenzuela
Batting: RHB Álex Hernández 0-0: Called Strike
0-1: Foul Ball, location: 2F
0-2: Ball
1-2: Strikes out swinging
Batting: RHB Juan Martínez 0-0: Ball
1-0: Called Strike
1-1: Foul Ball, location: 2F
1-2: Ball
2-2: Strikes out swinging
Batting: LHB Ángel Tuzzi 0-0: Called Strike
0-1: Hit by Pitch
Batting: SHB Larry Peterson 0-0: Called Strike
Ángel Tuzzi steals 2nd base
0-1: Foul Ball, location: 2F
0-2: TRIPLE (Line Drive, 5L)
Ángel Tuzzi scores
Pinch Hitting: RHB Bartolo Montero 0-0: Called Strike
0-1: Called Strike
0-2: Strikes out swinging
Top of the 8th over - 1 run(s), 1 hit(s), 0 error(s), 1 left on base; Cincinnati 8 - Barry's Bay 7
BOTTOM OF THE 8TH
Barry's Bay Orioles batting - Pitching for Cincinnati Pride : LHP Josh Wall
Now in RF: Roberto Quińones
Batting: RHB Jesús Villalobos 0-0: Ball
1-0: Called Strike
1-1: Swinging Strike
1-2: Strikes out swinging
Batting: RHB Luis Flores 0-0: Ball
1-0: Fly out, F6 (Popup, 5S)
Batting: LHB Carlos Romero 0-0: Ball
1-0: Fly out, F6 (Popup, 4M)
Bottom of the 8th over - 0 run(s), 0 hit(s), 0 error(s), 0 left on base; Cincinnati 8 - Barry's Bay 7
TOP OF THE 9TH
Cincinnati Pride batting - Pitching for Barry's Bay Orioles : RHP Daniel Betteridge
Batting: RHB Norris Howard 0-0: Ball
1-0: Foul Ball, location: 2F
1-1: Foul Ball, location: 2F
1-2: Foul Ball, location: 2F
1-2: SINGLE (Groundball, 34D)
Batting: LHB Iván Vázquez 0-0: Foul Ball, location: 2F
0-1: Fly out, F9 (Flyball, 9M)
Batting: LHB Wes Stone 0-0: Ball
1-0: Called Strike
1-1: Called Strike
1-2: 2-RUN HOME RUN (Flyball, 7LD), Distance : 309 ft
Pitching: RHP António Encarnación
Batting: RHB Wilson Flores 0-0: Called Strike
0-1: Swinging Strike
0-2: Ball
1-2: Ball
2-2: Strikes out looking
Batting: RHB Álex Hernández 0-0: Ball
1-0: Ground out 1-3 (Groundball, 15)
Top of the 9th over - 2 run(s), 2 hit(s), 0 error(s), 0 left on base; Cincinnati 10 - Barry's Bay 7
BOTTOM OF THE 9TH
Barry's Bay Orioles batting - Pitching for Cincinnati Pride : LHP Josh Wall
Batting: RHB Guy Morrison 0-0: Called Strike
0-1: Swinging Strike
0-2: Strikes out swinging
Batting: RHB Jason Ward 0-0: Ground out 5-3 (Groundball, 56)
Batting: LHB Manuel Pérez 0-0: Foul Ball, location: 2F
0-1: Ball
1-1: Called Strike
1-2: Ball
2-2: Foul Ball, location: 2F
2-2: Foul Ball, location: 2F
2-2: Fly out, F4 (Line Drive, 4)
Bottom of the 9th over - 0 run(s), 0 hit(s), 0 error(s), 0 left on base; Cincinnati 10 - Barry's Bay 7
Monday, December 5th, 2016 - OOTP Baseball 17.12 Build 75